 Dungeon Crawl Stone Soup version 0.25.1-2-g60ff931df9 (webtiles) character file.

Game seed: 1922816950201158541

16086 Johnny the Geomancer (level 11, -12/74 HPs)
             Began as a Demigod Earth Elementalist on Oct 4, 2020.
             Mangled by Urug
             ... wielding a +2 war axe of freezing
              (22 damage)
             ... on level 12 of the Dungeon.
             The game lasted 00:15:00 (13404 turns).

Johnny the Geomancer (Demigod Earth Elementalist)  Turns: 13404, Time: 00:15:01

Health: -12/74     AC: 12    Str: 11    XL:     11   Next: 76%
Magic:  4/47       EV: 12    Int: 29    God:
Gold:   399        SH:  0    Dex: 19    Spells: 16/29 levels left

rFire    x . .     SeeInvis .   f - +1 great mace of the Forgotten Xalams {freeze, Int+4}
rCold    . . .     Gourm    .   (shield currently unavailable)
rNeg     . . .     Faith    .   K - +0 troll leather armour
rPois    .         Spirit   .   q - +2 hat
rElec    +         Reflect  .   W - +1 cloak {MR+}
rCorr    .         Harm     .   M - +2 pair of gloves {Dex+3}
MR       ++...     Rnd*Tele +   y - +0 pair of boots
Stlth    ++........             i - amulet of magic regeneration
HPRegen  0.62/turn              R - ring of Qovaz {*Tele rElec rF- MP+9 Slay+2}
MPRegen  0.55/turn              x - ring of magical power

@: no status effects
A: high mp 1
a: no special abilities


You were on level 12 of the Dungeon.
You were not hungry.

You visited 1 branch of the dungeon, and saw 12 of its levels.

You collected 646 gold pieces.
You spent 247 gold pieces at shops.

Inventory:

Hand Weapons
 f - the +1 great mace of the Forgotten Xalams (weapon) {freeze, Int+4}
   (You took it off an orc warrior on level 7 of the Dungeon)

   It has been specially enchanted to freeze those struck by it, causing extra
   injury to most foes and up to half again as much damage against particularly
   susceptible opponents.
   It can also slow down cold-blooded creatures.
   It affects your intelligence (+4).
 J - a +3 whip of electrocution
Missiles
 b - 110 stones (quivered)
 u - 4 throwing nets
Armour
 q - a +2 hat (worn)
 s - a +0 cloak of preservation
 y - a +0 pair of boots (worn)
 K - a +0 troll leather armour (worn)
 M - a +2 pair of gloves of dexterity (worn)
 S - a +1 robe of fire resistance
 T - a +1 robe of cold resistance
 W - a +1 cloak of magic resistance (worn)
Magical Staves
 D - an uncursed staff of wizardry
Jewellery
 g - an uncursed ring of protection from magic
 i - an amulet of magic regeneration (around neck)
 n - an uncursed ring of protection from magic
 p - an uncursed ring of flight
 x - a ring of magical power (right hand)
 O - an uncursed ring of positive energy {unknown}
 Q - a +6 ring of intelligence {unknown}
 R - the ring of Qovaz (left hand) {*Tele rElec rF- MP+9 Slay+2}
   (You found it on level 10 of the Dungeon)

   [ring of teleportation]

   It may teleport you next to monsters.
   It affects your accuracy and damage with ranged weapons and melee attacks
   (+2).
   It makes you vulnerable to fire.
   It insulates you from electricity.
   It affects your magic capacity (+9).
 V - an uncursed amulet of regeneration {unknown}
Wands
 E - a wand of flame (14)
 Y - a wand of disintegration (10)
Scrolls
 e - 3 scrolls of fog
 j - 3 scrolls of enchant armour
 k - 4 scrolls of immolation
 l - a scroll of fear
 v - 4 scrolls of blinking
 w - 6 scrolls of remove curse
 B - 2 scrolls of amnesia
 G - 2 scrolls of magic mapping
 H - a scroll of random uselessness {unknown}
 L - 2 scrolls of teleportation {unknown}
Potions
 a - 2 potions of might
 c - a potion of magic {unknown}
 h - 2 potions of degeneration
 m - a potion of heal wounds
 o - a potion of stabbing {unknown}
 r - a potion of resistance
 t - a potion of invisibility {unknown}
 A - 3 potions of lignification {unknown}
 C - 3 potions of mutation {unknown}
 F - 6 potions of curing {unknown}
 N - a potion of flight {unknown}
 P - a potion of ambrosia {unknown}
 U - 2 potions of berserk rage {unknown}
Miscellaneous
 I - a phial of floods
Comestibles
 d - 26 rations
 X - 10 chunks of flesh


   Skills:
 - Level 1.7 Dodging
 - Level 1.7 Stealth
 + Level 9.9 Spellcasting
 - Level 0.8 Transmutations
 * Level 14.4 Earth Magic


You had 16 spell levels left.
You knew the following spells:

 Your Spells              Type           Power        Failure   Level  Hunger
a - Sandblast             Erth           ######       0%          1    None
b - Stone Arrow           Conj/Erth      ######       1%          3    None
c - Lee's Rapid Deconstr  Erth           #######...   1%          5    ###....
d - Petrify               Tmut/Erth      ######..     2%          4    None

Your spell library contained the following spells:

 Spells                   Type           Power        Failure   Level  Hunger
 Passwall                 Tmut/Erth      ######..     1%          2    None


Dungeon Overview and Level Annotations

Branches:
Dungeon (12/15)            Temple (0/1) D:6            Lair (0/6) D:8
    Orc (0/2) D:12

Shops:
D:9 (   D:12 [(

Annotations:
D:3 3 runed translucent doors, Curus's ghost, weakling HOAK
D:7 Saltbearer's ghost, novice DgFi
D:12 Urug


Innate Abilities, Weirdness & Mutations

You have an increased reservoir of magic. (+10% MP)


Message History

Unknown command.
Casting: Stone Arrow (safe; 1% risk of failure)
Confirm with . or Enter, or press ? or * to list all spells.
Aiming: Stone Arrow (safe; 1% risk of failure)
Press: ? - help, Shift-Dir - straight line, f/p - Urug
Aim: Urug, wielding a +2 war axe of freezing, wearing a +3 ring mail of magic resistance and quivering 5 silver javelins (almost dead)
The stone arrow misses Urug.
Urug hits you with a +2 war axe of freezing!
* * * LOW HITPOINT WARNING * * *
Urug freezes you.
* * * LOW HITPOINT WARNING * * *
Unknown command.
Casting: Stone Arrow (safe; 1% risk of failure)
Confirm with . or Enter, or press ? or * to list all spells.
Aiming: Stone Arrow (safe; 1% risk of failure)
Press: ? - help, Shift-Dir - straight line, f/p - Urug
Aim: Urug, wielding a +2 war axe of freezing, wearing a +3 ring mail of magic resistance and quivering 5 silver javelins (almost dead)
The stone arrow misses Urug.
Urug hits you with a +2 war axe of freezing!!
You die...

######### ##### ........#######
#...#########
.........%....#####^..........#
..............'.†([...........#
?.....(...c...####)....%......#
........########@o.....%......#
........# ###.....####'#####
o.c.....# #.....# #...#.#
........# #.....# #.#.#.#
........# ####....#####.#...)
........+ ........'<.........
........# #####...####..#....
#...# #.^#...) #...# #..#...#


You could see Urug.

Vanquished Creatures
  Nessos (D:12)
  Erolcha (D:12)
  4 two-headed ogres
  The ghost of UnDebs the Frost Mage, a novice MfIE of Okawaru (D:8)
  An ugly thing (D:12)
  A deep elf mage (D:10)
  A cyclops (D:11)
  Maggie (D:6)
  2 trolls
  A hornet (D:10)
  A slime creature (D:12)
  Sigmund (D:2)
  2 wyverns
  10 yaks (D:11)
  A hungry ghost (D:11)
  2 water moccasins
  4 soldier ants (D:11)
  9 orc warriors
  2 ice beasts
  2 black bears
  2 sky beasts (D:9)
  A phantom (D:5)
  5 ogres
  5 centaurs
  Blork the orc (D:5)
  5 big kobolds
  8 bullfrogs
  A wyvern zombie (D:10)
  6 scorpions
  12 killer bees
  6 howler monkeys
  4 wights (D:11)
  A bullfrog zombie (D:6)
  3 crimson imps
  2 quasits
  7 hounds
  A centaur skeleton (D:4)
  3 jellies
  8 orc priests
  Crazy Yiuf (D:2)
  Ijyb (D:4)
  2 bullfrog skeletons
  Jessica (D:2)
  An iguana (D:4)
  13 orc wizards
  12 worker ants
  A hound zombie (D:7)
  3 hound skeletons
  Robin (D:3)
  7 adders
  3 shadow imps
  4 oozes
  2 worms (D:4)
  A dart slug (D:2)
  6 leopard geckos
  51 orcs
  7 giant cockroaches
  14 goblins
  12 hobgoblins
  8 jackals
  8 quokkas
  A ball python (D:1)
  10 bats
  7 frilled lizards
  37 kobolds
  A quokka zombie (D:5)
  8 rats
352 creatures vanquished.

Vanquished Creatures (others)
  A fungus (D:6)
1 creature vanquished.

Grand Total: 353 creatures vanquished

Notes
Turn   | Place    | Note
-------+----------+-------------------------------------------
     0 | D:1      | Johnny the Demigod Earth Elementalist began the quest for
                  | the Orb.
     0 | D:1      | Reached XP level 1. HP: 14/14 MP: 5/5
   405 | D:1      | Reached skill level 3 in Earth Magic
   932 | D:1      | Reached XP level 2. HP: 20/20 MP: 7/7
  2326 | D:2      | Reached XP level 3. HP: 26/26 MP: 9/9
  2327 | D:2      | Noticed Sigmund
  2344 | D:2      | Killed Sigmund
  2344 | D:2      | Reached skill level 4 in Earth Magic
  2344 | D:2      | Reached XP level 4. HP: 7/33 MP: 0/11
  2344 | D:2      | Reached XP level 5. HP: 8/38 MP: 0/12
  2718 | D:2      | Found a runed translucent door.
  2719 | D:2      | Noticed Crazy Yiuf
  2979 | D:2      | Reached skill level 5 in Earth Magic
  3081 | D:2      | Found a glowing silver altar of Zin.
  3322 | D:2      | Noticed Jessica
  3324 | D:2      | Killed Jessica
  3430 | D:2      | Killed Crazy Yiuf
  3663 | D:3      | Reached XP level 6. HP: 30/45 MP: 12/14
  3783 | D:3      | Noticed Robin
  3813 | D:3      | Killed Robin
  3957 | D:3      | Found a basalt altar of Yredelemnul.
  4113 | D:3      | Found a runed translucent gate.
  4113 | D:3      | Found a runed translucent gate.
  4113 | D:3      | Found a runed translucent gate.
  4117 | D:3      | Noticed Curus's ghost (weakling HOAK)
  4180 | D:3      | Found a sacrificial altar of Ru.
  4564 | D:4      | Reached skill level 6 in Earth Magic
  4570 | D:4      | Learned a level 3 spell: Stone Arrow
  4702 | D:4      | Reached XP level 7. HP: 16/50 MP: 12/16
  4959 | D:4      | Noticed Ijyb
  4964 | D:4      | Killed Ijyb
  5317 | D:4      | Found a shimmering blue altar of Sif Muna.
  5417 | D:5      | Entered Level 5 of the Dungeon
  5417 | D:5      | Found a shadowy altar of Dithmenos.
  5538 | D:5      | Reached skill level 7 in Earth Magic
  5728 | D:5      | Found a bloodstained altar of Trog.
  5941 | D:5      | Noticed Blork the orc
  5946 | D:5      | Killed Blork the orc
  5946 | D:5      | Reached skill level 5 in Spellcasting
  5946 | D:5      | Reached XP level 8. HP: 44/57 MP: 19/19
  6266 | D:6      | Reached skill level 8 in Earth Magic
  6769 | D:6      | Found a staircase to the Ecumenical Temple.
  6818 | D:6      | Noticed Maggie
  6830 | D:6      | Killed Maggie
  6830 | D:6      | Reached skill level 9 in Earth Magic
  7023 | D:6      | Found a hazy altar of Hepliaklqana.
  7543 | D:7      | Reached XP level 9. HP: 44/62 MP: 22/22
  7709 | D:7      | Found a runed translucent gate.
  7709 | D:7      | Found a runed translucent gate.
  7711 | D:7      | Noticed Saltbearer's ghost (novice DgFi)
  7712 | D:7      | Found a runed translucent gate.
  7723 | D:7      | Identified the cursed +1 great mace of the Forgotten Xalams
                  | {freeze, Int+4}
  8047 | D:7      | Found a roughly hewn altar of Beogh.
  8159 | D:7      | Reached skill level 10 in Earth Magic
  8317 | D:8      | Found an iron altar of Okawaru.
  8992 | D:8      | Learned a level 5 spell: Lee's Rapid Deconstruction
  8997 | D:8      | Learned a level 4 spell: Petrify
  9008 | D:8      | Found a staircase to the Lair.
  9017 | D:8      | Found a runed translucent gate.
  9017 | D:8      | Noticed UnDebs's ghost (novice MfIE)
  9018 | D:8      | Found a runed translucent gate.
  9056 | D:8      | Found a runed translucent gate.
  9340 | D:8      | Found a stormy altar of Qazlal.
  9583 | D:8      | Found a roughly hewn altar of Beogh.
  9606 | D:8      | Reached skill level 11 in Earth Magic
  9606 | D:8      | Killed UnDebs's ghost
  9901 | D:9      | Reached XP level 10. HP: 69/69 MP: 24/25
  9978 | D:9      | Noticed a two-headed ogre
  9980 | D:9      | Found Olegopro's Antique Weapon Shop.
  9990 | D:9      | Killed a two-headed ogre
 10318 | D:9      | Reached skill level 12 in Earth Magic
 10661 | D:10     | Entered Level 10 of the Dungeon
 10968 | D:10     | Found the +10 Black Knight's horse barding {ponderous,
                  | rPois rN+}
 10996 | D:10     | Got a slimy bone ring
 11050 | D:10     | Identified the ring of Qovaz {*Tele rElec rF- MP+9 Slay+2}
                  | (You found it on level 10 of the Dungeon)
 11214 | D:10     | Noticed a deep elf mage
 11219 | D:10     | Noticed a smoke demon
 11221 | D:10     | Killed a deep elf mage
 11221 | D:10     | Paralysed by a hornet for 1 turns
 11563 | D:11     | Noticed a two-headed ogre
 11569 | D:11     | Killed a two-headed ogre
 11686 | D:11     | Noticed a two-headed ogre
 11694 | D:11     | Killed a two-headed ogre
 11694 | D:11     | Reached skill level 13 in Earth Magic
 11720 | D:11     | Reached XP level 11. HP: 33/74 MP: 28/28
 12216 | D:11     | Noticed a two-headed ogre
 12222 | D:11     | Killed a two-headed ogre
 13152 | D:12     | Noticed Erolcha
 13154 | D:12     | Paralysed by Erolcha for 5 turns
 13159 | D:12     | Killed Erolcha
 13159 | D:12     | Reached skill level 14 in Earth Magic
 13196 | D:12     | Found Yreum's Armour Boutique.
 13196 | D:12     | Found a staircase to the Orcish Mines.
 13229 | D:12     | Found Piliarph's Weapon Boutique.
 13244 | D:12     | Bought a +1 cloak of magic resistance for 247 gold pieces
 13360 | D:12     | Noticed Nessos
 13361 | D:12     | Noticed Urug
 13398 | D:12     | Killed Nessos
 13404 | D:12     | Mangled by Urug

Illustrated notes

Levels and vault maps discovered:
D:1:      dpeg_arrival_subterranean_lakeside_camping, layout_basic
D:2:      layout_basic, lemuel_doored_altar, uniq_jessica,
          uniq_crazy_yiuf_cottage, uniq_sigmund
D:3:      layout_basic, marbit_many_paths, lemuel_crystal_altar,
          gammafunk_ghost_split, uniq_robin
D:4:      layout_rooms, nicolae_overflow_hidden_temple, first_ration, uniq_ijyb
D:5:      layout_basic, grunt_dithmenos_smoke, bloody_trog, uniq_blork_the_orc
D:6:      old_forge, layout_rooms, nicolae_overflow_crystal_walls,
          minmay_temple_entry_steel_oval, uniq_maggie
D:7:      layout_rooms, biasface_ghost_orc_armoury
D:8:      layout_basic, lemuel_coloured_pillars_altar, okawaru_gym_becter,
          lair_entry_dummy, biasface_ghost_orc_armoury
D:9:      layout_big_octagon, serial_shops, nicolae_shop_statue_plus
D:10:     layout_basic
D:11:     layout_cave_pods, minmay_holes, hangedman_pestilent_swarm
D:12:     layout_basic, orc_david_3, minmay_fountain_box,
          minmay_increasing_density, uniq_urug, uniq_josephine, uniq_nessos,
          uniq_erolcha

Skill      XL: |  1  2  3  4  5  6  7  8  9 10 11 |
---------------+----------------------------------+-----
Earth Magic    | 3 4 5 6 7 9 11 13 14 | 14.4
Spellcasting   | 2 3 4 5 6 7 8 9 |  9.9
Dodging        | |  1.7
Stealth        | |  1.7
Transmutations | |  0.8

Action                   |  1- 3 |  4- 6 |  7- 9 | 10-12 || total
-------------------------+-------+-------+-------+-------++-------
Melee: Unarmed           |    20 |       |       |       ||    20
       Dagger            |    82 |    69 |       |       ||   151
       Quarterstaff      |       |    67 |    41 |       ||   108
       Whip              |       |       |    47 |       ||    47
       Flail             |       |       |    24 |       ||    24
       Great mace        |       |       |    39 |   103 ||   142
 Cast: Sandblast         |    23 |    55 |    80 |   114 ||   272
       Stone Arrow       |       |       |    61 |    84 ||   145
       Lee's Rapid Decon |       |       |     5 |    25 ||    30
       Petrify           |       |       |       |     2 ||     2
Evoke: Wand              |       |       |     5 |     7 ||    12
  Use: Scroll            |       |     3 |     4 |     6 ||    13
       Potion            |       |     1 |     1 |       ||     2
 Stab: Sleeping          |     7 |     6 |     4 |     4 ||    21
       Paralysed         |       |       |     3 |     3 ||     6
       Distracted        |       |       |       |     1 ||     1
  Eat: Chunk             |     5 |     7 |    18 |    14 ||    44
Armor: Robe              |    31 |    49 |    21 |       ||   101
       Acid dragon scale |       |       |    89 |    15 ||   104
       Troll leather arm |       |       |       |    90 ||    90
Dodge: Dodged            |    59 |   136 |   145 |   166 ||   506
